Map: Dusty Gorge

Players

OpuS - Winner!

  • Race: Protoss Protoss
  • League: Platinum
  • Spawn Location: 5:00

Sketchaphone - Winner!

  • Race: Zerg Zerg
  • League: Platinum
  • Spawn Location: 3:00

ShutUpAndDie

  • Race: Zerg Zerg
  • League: Diamond
  • Spawn Location: 11:00

Vits

  • Race: Zerg Zerg
  • League: Gold
  • Spawn Location: 9:00

VOD

Have the link to the VOD?

Description

Time

  • Played on: Feb. 13, 2019, 8:57 p.m.
  • Length: 14:41
Show
View Real Time Build Order
Export as new Build Order

OpuS Protoss - Winner!

Build Orders: Carriers 

Get SALT Encoding   

  12  0:01  Probe  
  13  0:13  Probe  
  14  0:21  Pylon  
  14  0:26  Probe  
  15  0:39  Probe  
  16  0:45  Gateway  
  16  0:49  Probe  
  17  0:57  Probe  
  17  1:02  Assimilator  
  18  1:07  Probe  
  19  1:19  Probe  
  20  1:33  Cybernetics Core  
  20  1:36  Probe  
  20  1:37  Pylon  
  20  1:38  Zealot  
  23  1:48  Gateway  
  23  1:52  Probe  
  24  2:03  Warp Gate  
  24  2:04  Probe  
  25  2:13  Zealot  
  27  2:16  Probe  
  27  2:17  Assimilator  
  28  2:26  Probe  
  28  2:27  Twilight Council  
  29  2:31  Pylon  
  29  2:34  Probe  
  30  2:47  Pylon  
  30  2:49  Zealot  
  32  2:56  Zealot  
  34  3:02  Gateway  
  34  3:10  Charge  
  34  3:13  Gateway  
  33  3:28  Zealot  
  33  3:31  Zealot  
  37  3:55  Nexus  
  37  4:03  Pylon  
  37  4:08  Probe  
  38  4:16  Adept  
  40  4:20  Adept, Probe  
  43  4:36  Probe  
  44  4:48  Zealot x3, Probe  
  44  4:49  Zealot  
  45  4:59  Stargate  
  45  5:05  Stargate  
  45  5:17  Probe x2  
  47  5:25  Protoss Air Weapons Level 1  
  47  5:30  Probe x2  
  49  5:44  Probe x2  
  47  5:55  Void Ray x2  
  45  5:59  Probe x2, Stargate  
  45  6:08  Stalker  
  47  6:11  Probe  
  47  6:14  Stalker  
  47  6:17  Probe  
  51  6:23  Probe  
  52  6:29  Probe  
  53  6:33  Stalker x2  
  53  6:35  Probe  
  58  6:40  Void Ray  
  58  6:41  Probe  
  63  6:48  Probe  
  63  6:53  Assimilator  
  64  6:55  Zealot x2  
  64  6:56  Zealot  
  64  6:57  Assimilator  
  70  7:05  Pylon  
  70  7:06  Pylon  
  70  7:22  Void Ray  
  74  7:34  Probe x2  
  76  7:47  Pylon, Void Ray  
  76  7:48  Zealot x2  
  76  7:49  Zealot, Pylon  
  84  7:52  Pylon  
  84  7:56  Void Ray  
  84  8:15  Void Ray  
  84  8:17  Probe x2  
  88  8:21  Gateway  
  88  8:22  Gateway  
  88  8:26  Gateway  
  88  8:29  Probe  
  88  8:30  Gateway  
  87  8:42  Void Ray  
  91  8:50  Blink  
  91  9:01  Stalker x3  
  91  9:02  Stalker  
  87  9:18  Phoenix  
  87  9:19  Phoenix  
  87  9:21  Zealot x2  
  95  9:30  Phoenix  
  97  9:32  Zealot  
  97  9:33  Zealot  
  101  9:47  Phoenix x2  
  105  10:06  Phoenix  
  103  10:10  Zealot  
  103  10:11  Zealot x2  
  109  10:16  Pylon  
  109  10:23  Phoenix  
  95  10:46  Fleet Beacon  
  91  10:56  Nexus  
  85  11:05  Pylon  
  85  11:07  Zealot x5  
  85  11:08  Zealot  
  85  11:09  Zealot  
  99  11:31  Carrier  
  101  11:48  Carrier  
  101  11:49  Carrier  
  113  12:18  Probe x3  
  116  12:26  Stargate  
  116  12:30  Probe  
  116  12:35  Carrier  
  123  12:49  Carrier, Probe x2  
  123  12:50  Probe  
  116  12:56  Stargate  
  122  12:59  Stargate  
  122  13:01  Probe  
  113  13:05  Carrier  
  113  13:08  Stargate  
  119  13:21  Carrier  
  119  13:32  Probe x3  
  119  13:33  Carrier  
  134  13:52  Probe x2  
  134  13:55  Probe  
  137  14:14  Assimilator  
  137  14:17  Forge  
  137  14:18  Assimilator  
  137  14:20  Cybernetics Core  
  137  14:21  Pylon  
  137  14:28  Probe x2  
  137  14:29  Probe  
Show
View Real Time Build Order
Export as new Build Order

Sketchaphone Zerg - Winner!

Build Orders: Hatch First 

Get SALT Encoding   

  12  0:01  Drone  
  13  0:13  Overlord  
  13  0:23  Drone  
  13  0:27  Extractor  
  13  0:28  Drone  
  15  0:40  Drone x2  
  17  1:03  Hatchery  
  16  1:07  Drone  
  16  1:09  Extractor  
  16  1:10  Drone  
  17  1:29  Spawning Pool  
  16  1:36  Drone x3  
  19  1:50  Overlord  
  19  1:59  Drone  
  20  2:16  Metabolic Boost  
  20  2:17  Queen  
  20  2:18  Drone x2  
  20  2:20  Drone  
  25  2:27  Overlord  
  25  2:34  Drone  
  26  2:39  Zergling x2  
  26  2:41  Zergling x2  
  28  2:47  Roach Warren  
  28  2:50  Drone  
  28  2:52  Drone  
  29  3:02  Spine Crawler  
  29  3:03  Drone  
  29  3:12  Overlord  
  29  3:13  Drone x2  
  29  3:18  Queen  
  33  3:28  Roach x2  
  33  3:30  Roach  
  38  3:40  Roach x3  
  44  3:46  Roach x2  
  48  3:51  Overlord  
  47  4:01  Roach  
  49  4:06  Roach  
  49  4:07  Overlord  
  49  4:08  Drone  
  52  4:14  Evolution Chamber, Drone  
  52  4:15  Overlord  
  54  4:17  Roach  
  54  4:22  Roach  
  56  4:28  Drone  
  57  4:32  Extractor  
  56  4:41  Roach x2  
  58  4:50  Roach  
  60  4:58  Roach  
  60  4:59  Zergling x2  
  63  5:00  Overlord  
  63  5:01  Zergling x4  
  65  5:12  Roach  
  67  5:16  Drone  
  67  5:20  Drone x3  
  71  5:25  Roach x2  
  59  5:31  Roach  
  59  5:35  Drone  
  60  5:54  Roach  
  61  5:57  Ravager  
  61  6:02  Roach x3  
  66  6:04  Zergling x4  
  66  6:08  Drone  
  66  6:10  Zergling x2  
  68  6:20  Roach x2  
  68  6:23  Hatchery  
  58  6:29  Roach  
  58  6:31  Drone  
  61  6:37  Extractor x2  
  59  6:45  Zergling x8  
  55  6:47  Zerg Ground Armor Level 1  
  55  6:49  Drone  
  55  6:51  Evolution Chamber  
  55  6:52  Drone  
  49  7:07  Roach x3  
  51  7:13  Roach x2  
  51  7:14  Ravager  
  56  7:21  Overlord  
  56  7:26  Zergling x10  
  56  7:27  Zerg Melee Weapons Level 1  
  59  7:43  Drone  
  59  7:44  Drone x2  
  62  7:46  Drone x3  
  65  7:54  Drone  
  65  7:55  Drone x2  
  68  8:01  Roach x2  
  72  8:10  Lair  
  72  8:12  Hatchery  
  71  8:13  Drone x2  
  60  8:38  Zergling x16  
  65  8:46  Zerg Missile Weapons Level 1  
  64  8:51  Drone x7  
  71  9:06  Spore Crawler  
  71  9:09  Spore Crawler  
  69  9:11  Overlord  
  69  9:12  Hydralisk Den  
  69  9:14  Roach x3  
  74  9:19  Spore Crawler  
  74  9:20  Drone  
  74  9:29  Drone x3  
  77  9:36  Overlord  
  77  9:41  Zerg Ground Armor Level 2  
  77  10:09  Zergling x30  
  91  10:19  Spine Crawler  
  83  10:21  Glial Reconstitution  
  83  10:24  Drone x5  
  83  10:27  Queen  
  87  10:29  Drone  
  87  10:33  Zergling x4  
  89  10:38  Zergling x4  
  91  10:55  Zerg Melee Weapons Level 2  
  82  11:08  Roach  
  82  11:09  Roach x10  
  98  11:28  Overlord, Baneling Nest, Drone x7  
  96  11:38  Zergling x6  
  91  11:44  Queen  
  93  11:49  Zergling x8  
  93  11:53  Overlord x3  
  97  11:57  Zergling x8  
  97  12:00  Zergling x4  
  103  12:01  Zergling x2  
  104  12:13  Spore Crawler  
  104  12:14  Spore Crawler  
  102  12:23  Baneling x13  
  102  12:25  Baneling x6  
  101  12:56  Infestation Pit  
  97  12:59  Queen  
  97  13:00  Overlord, Zergling x2  
  97  13:01  Zergling x36  
  118  13:09  Baneling x4  
  118  13:11  Zergling x2  
  119  13:17  Lurker Den  
  84  14:11  Hydralisk x3  
  84  14:12  Hydralisk x5  
  84  14:14  Zergling x16  
Show
View Real Time Build Order
Export as new Build Order

ShutUpAndDie Zerg 

Build Orders: Hatch First, Zergling Baneling 

Get SALT Encoding   

  12  0:01  Drone  
  13  0:09  Drone  
  14  0:17  Overlord  
  14  0:36  Drone  
  14  0:37  Drone x2  
  17  0:58  Hatchery  
  16  1:12  Spawning Pool  
  16  1:16  Drone  
  16  1:20  Extractor  
  15  1:27  Drone x2  
  17  1:44  Overlord  
  17  1:47  Drone  
  18  1:54  Drone  
  19  2:01  Queen  
  19  2:02  Zergling x2  
  22  2:19  Queen  
  22  2:20  Metabolic Boost  
  24  2:25  Drone x2  
  24  2:28  Drone  
  27  2:36  Drone x2  
  29  2:45  Baneling Nest  
  29  2:47  Zergling x2  
  29  2:51  Drone  
  30  3:01  Drone  
  30  3:02  Drone x2  
  33  3:10  Zergling x2  
  33  3:11  Zergling x4  
  35  3:18  Lair  
  35  3:27  Overlord x2  
  35  3:54  Drone  
  35  3:55  Drone x6  
  42  3:56  Zergling x2  
  43  4:05  Zergling x2, Hatchery  
  43  4:10  Zergling x2  
  43  4:16  Zergling x4  
  43  4:17  Zergling x8, Baneling  
  49  4:18  Baneling  
  49  4:23  Zergling x4  
  51  4:27  Baneling x2  
  45  4:49  Zergling x2  
  45  4:50  Zergling x10  
  50  4:52  Queen  
  50  4:55  Baneling x4  
  50  4:56  Overlord x2, Baneling  
  52  5:16  Drone  
  52  5:17  Drone x4  
  52  5:18  Overlord x2  
  56  5:25  Zergling x2  
  49  5:33  Baneling  
  49  5:34  Baneling x3  
  49  5:35  Baneling x2  
  41  5:52  Zergling x2  
  41  5:53  Zergling x16  
  41  5:55  Queen x2  
  51  6:01  Baneling  
  51  6:05  Spine Crawler, Zergling x4  
  51  6:06  Zergling x2  
  52  6:20  Zergling x2  
  52  6:21  Zergling x6  
  53  6:31  Queen  
  55  6:40  Extractor  
  55  6:42  Extractor  
  55  6:43  Hatchery  
  55  6:46  Zergling x8  
  56  6:52  Drone  
  56  7:01  Hatchery  
  53  7:05  Drone  
  53  7:06  Drone x2  
  49  7:30  Queen x2  
  49  7:32  Drone x4  
  49  7:35  Zergling x6  
  60  7:44  Baneling x9  
  60  7:52  Spore Crawler  
  60  7:53  Spine Crawler x2  
  57  8:06  Queen x2  
  56  8:33  Zergling x2  
  58  8:34  Zergling x24  
  64  8:58  Baneling x4  
  64  8:59  Baneling x3  
  64  9:22  Extractor  
  63  9:26  Hydralisk Den, Drone  
  63  9:27  Drone x3  
  63  9:28  Overlord x4  
  63  9:29  Overlord x2  
  66  9:34  Infestation Pit  
  66  9:36  Overseer  
  60  10:03  Zergling x2  
  60  10:04  Zergling x26  
  60  10:05  Hydralisk  
  70  10:13  Drone  
  56  10:28  Zergling x2  
  56  10:29  Zergling x14  
  56  10:33  Grooved Spines  
  53  10:46  Hydralisk  
  53  10:47  Hydralisk x8  
  69  10:50  Queen x3  
  67  11:03  Zergling x10  
  69  11:06  Spine Crawler  
  69  11:07  Spine Crawler x2  
  65  11:16  Hatchery  
  63  11:26  Queen  
  63  11:27  Hydralisk  
  63  11:28  Hydralisk x6  
  77  11:39  Hydralisk x2  
  73  11:50  Zergling x8  
  75  11:58  Evolution Chamber  
  75  12:14  Baneling x2, Hatchery  
  74  12:20  Baneling x2  
  74  12:29  Zerg Missile Weapons Level 1  
  68  12:53  Zergling x16  
  74  13:09  Zergling x2  
  74  13:10  Zergling x12  
  81  13:13  Baneling  
  81  13:14  Baneling x2  
  81  13:19  Hive  
  75  13:34  Hydralisk  
  75  13:36  Zergling x2  
  75  13:37  Zergling x14  
  75  13:45  Zergling x2  
  75  13:46  Zergling x2  
  55  13:51  Zergling x2  
  55  13:52  Zergling x2  
  54  13:58  Hydralisk  
  54  13:59  Hydralisk x2  
  54  14:02  Drone x2  
Show
View Real Time Build Order
Export as new Build Order

Vits Zerg 

Build Orders: Hatch First 

Get SALT Encoding   

  12  0:01  Drone  
  13  0:13  Overlord  
  13  0:18  Drone  
  14  0:31  Drone x2  
  14  0:35  Drone  
  17  1:00  Drone  
  17  1:03  Hatchery, Drone  
  18  1:09  Extractor  
  17  1:18  Spawning Pool  
  16  1:20  Drone  
  16  1:23  Drone  
  18  1:38  Drone  
  19  1:41  Overlord  
  19  1:56  Drone  
  20  2:10  Zergling x2  
  20  2:11  Queen  
  20  2:15  Queen  
  25  2:18  Drone  
  26  2:23  Metabolic Boost  
  26  2:25  Zergling x2  
  26  2:28  Drone x2  
  30  2:37  Zergling x2  
  30  2:57  Baneling Nest  
  30  2:58  Drone x3  
  30  3:03  Extractor  
  30  3:04  Zergling x2  
  30  3:05  Zergling x2  
  33  3:15  Zergling x4  
  35  3:22  Drone  
  36  3:33  Overlord x3  
  36  3:34  Overlord  
  36  3:43  Lair  
  36  3:51  Drone x2  
  36  3:52  Roach Warren, Drone  
  36  3:55  Extractor  
  33  4:02  Zergling x10  
  36  4:09  Queen  
  38  4:23  Spine Crawler  
  37  4:25  Baneling x4  
  37  4:26  Baneling  
  37  4:34  Roach  
  39  4:38  Drone x2  
  39  4:39  Drone  
  42  4:55  Roach  
  42  4:56  Roach x2  
  43  5:12  Roach  
  43  5:13  Roach x2  
  48  5:23  Drone x2  
  50  5:29  Glial Reconstitution  
  50  5:34  Roach  
  50  5:35  Roach  
  52  5:43  Roach x2  
  56  5:54  Roach  
  56  5:55  Roach x3  
  55  6:00  Drone x3  
  56  6:05  Evolution Chamber  
  56  6:09  Drone, Extractor  
  55  6:15  Drone x3  
  56  6:33  Overlord  
  54  6:54  Hatchery  
  54  6:55  Spire  
  54  6:58  Drone x5  
  57  7:10  Ravager x4  
  57  7:12  Zergling x2  
  57  7:13  Zergling x8  
  62  7:54  Roach x4  
  62  7:56  Overlord x2  
  51  8:07  Roach x3  
  51  8:08  Roach  
  51  8:12  Mutalisk  
  54  8:31  Mutalisk  
  54  8:32  Mutalisk x2  
  58  8:34  Mutalisk  
  58  8:41  Queen, Drone x3  
  55  8:48  Spine Crawler  
  53  8:52  Queen  
  52  9:04  Roach x2  
  52  9:05  Roach x2  
  58  9:33  Overlord  
  58  9:34  Overlord  
  58  9:46  Overlord x3  
  58  9:52  Mutalisk  
  58  9:53  Mutalisk x5  
  62  10:19  Mutalisk  
  62  10:20  Spawning Pool, Mutalisk  
  61  10:23  Roach  
  61  10:25  Overlord x2  
  61  10:34  Spawning Pool  
  60  10:39  Drone  
  60  10:40  Drone x2  
  51  10:51  Drone x3  
  51  10:52  Drone x2  
  43  11:06  Mutalisk x2  
  43  11:10  Queen  
  44  11:21  Zergling x2  
  44  11:22  Zergling x8  
  42  11:29  Hatchery  
  35  11:35  Extractor  
  30  11:41  Drone x2  
  31  11:49  Evolution Chamber  
  31  11:52  Spine Crawler  
  30  12:02  Drone x3  
  30  12:03  Drone  
  30  12:04  Drone x2  
  35  12:12  Spore Crawler  
  34  12:19  Drone x3  
  27  12:35  Drone  
  25  12:54  Drone x4  
  27  13:01  Drone  
  28  13:05  Drone  
  28  13:18  Drone  
  28  13:19  Drone  
  25  13:27  Drone  
  25  13:31  Drone  
  27  13:44  Drone x2  
  29  13:51  Spore Crawler  
  28  14:02  Drone x3  
Tags
 
Add a new tag
Caveats
  • Supply blocks, unpowered buildings, or Contaminate may cause inaccurate times.
  • Supply counts are checked every 10 seconds.